 Dungeon Crawl Stone Soup version 0.29.1-12-g30fa7ad0bf (webtiles) character file.

Game seed: 2838897825637729114

63 javelincjr the Chopper (level 3, -1/27 HPs)
             Began as a Demonspawn Gladiator on Jan 9, 2023.
             Slain by Sigmund
             ... wielding a +2 scythe of protection
              (6 damage)
             ... on level 2 of the Dungeon.
             The game lasted 00:02:58 (1067 turns).

javelincjr the Chopper (Demonspawn Gladiator)       Turns: 1067, Time: 00:02:59

Health: -1/27      AC: 11    Str: 14    XL:     3   Next: 87%
Magic:  3/3        EV:  4    Int:  9    God:
Gold:   41         SH:  0    Dex: 16    Spells: 2/2 levels left

rFire   . . .      SeeInvis .   a - +0 war axe
rCold   . . .      Faith    .   (no shield)
rNeg    . . .      Spirit   .   m - +0 plate armour
rPois   .          Reflect  .   c - +0 helmet
rElec   .          Harm     .   (no cloak)
rCorr   .          Rampage  .   (no gloves)
Will    .....                   (no boots)
Stlth   ..........              (no amulet)
HPRegen 0.09/turn               (no ring)
MPRegen 0.08/turn               (no ring)

@: no status effects
A: powered by death 1
a: no special abilities


You were on level 2 of the Dungeon.
You visited 1 branch of the dungeon, and saw 2 of its levels.

You collected 41 gold pieces.

Inventory:

Hand Weapons
 a - a +0 war axe (weapon)
Missiles
 d - 3 throwing nets (quivered)
 e - a javelin
Armour
 b - a +0 leather armour
 c - a +0 helmet (worn)
 l - an orb of energy
 m - a +0 plate armour (worn)
Scrolls
 h - a scroll of vulnerability {unknown}
 j - a scroll of magic mapping {unknown}
 n - a scroll of immolation {unknown}
 o - a scroll of fear {unknown}
Potions
 f - a potion of flight {unknown}
 g - 3 potions of mutation {unknown}
 i - a potion of curing {unknown}
 k - a potion of brilliance {unknown}


   Skills:
 + Level 2.2 Fighting
 + Level 3.5 Axes
 + Level 1.8 Throwing
 + Level 0.6 Armour
 + Level 3.2 Dodging
 + Level 0.4 Stealth


You had 2 spell levels left.
You didn't know any spells.
Your spell library was empty.

Dungeon Overview and Level Annotations

Branches:
Dungeon (2/15)

Altars:

Annotations:
D:2 Sigmund


Innate Abilities, Weirdness & Mutations

You regenerate a little health from kills.


Message History

You closely miss the adder. The adder bites you but does no damage.
Sigmund's eyes start glowing with a red light.
Sigmund hits you with a +2 scythe of protection.
The adder barely misses you.
You hit Sigmund but do no damage.
Sigmund is heavily wounded.
You closely miss the adder. The adder bites you but does no damage.
Sigmund barely misses you. The adder barely misses you.
You barely miss Sigmund.
Sigmund is heavily wounded.
You hit the adder. The adder barely misses you.
Sigmund hits you with a +2 scythe of protection.
The adder bites you but does no damage.
You slash Sigmund!
Sigmund is almost dead.
You barely miss the adder. The adder barely misses you.
Sigmund hits you but does no damage. The adder bites you but does no damage.
You hit Sigmund but do no damage.
Sigmund is almost dead.
You hit the adder. The adder barely misses you.
Sigmund hits you with a +2 scythe of protection.
* * * LOW HITPOINT WARNING * * *
You hit Sigmund.
Sigmund is almost dead.
You slash the adder!
You kill the adder!
Sigmund casts a spell at you. The magic dart hits you.
* * * LOW HITPOINT WARNING * * *
Okay, then.
You barely miss Sigmund.
Sigmund is almost dead.
Sigmund hits you but does no damage.
You closely miss Sigmund.
Sigmund is almost dead.
Sigmund hits you but does no damage.
You hit Sigmund but do no damage.
Sigmund is almost dead.
Sigmund hits you with a +2 scythe of protection.
You die...

#...............
#...............
#......†........
#.......†.......
#...............
#...............
##..<..........#
##.....#.......
#####†@)#####.
#...@.#
#.......#
#.......#
#.........
##.......##
#.....#..
.......#..


You could see Sigmund.

Vanquished Creatures
  3 adders (D:2)
  3 bats (D:1)
  4 endoplasms (D:1)
  2 giant cockroaches (D:2)
  3 goblins (D:1)
  8 hobgoblins
  4 kobolds
  3 ball pythons
30 creatures vanquished.

Notes
Turn   | Place    | Note
-------+----------+-------------------------------------------
     0 | D:1      | javelincjr the Demonspawn Gladiator began the quest for the
                  | Orb.
     0 | D:1      | Reached XP level 1. HP: 16/16 MP: 1/1
   303 | D:1      | Gained mutation: You regenerate a little health from kills.
                  | [demonic ancestry]
   303 | D:1      | Reached XP level 2. HP: 15/22 MP: 2/2
   985 | D:2      | Reached XP level 3. HP: 13/27 MP: 3/3
  1045 | D:2      | Noticed Sigmund
  1067 | D:2      | Slain by Sigmund

Illustrated notes

Levels and vault maps discovered:
D:1:      saegor_arrival_simple_c, layout_loops_ring, minmay_split_cup_large
D:2:      layout_rooms, minmay_misc_feat_enclosed, uniq_sigmund,
          uniq_crazy_yiuf_cottage

Skill      XL: |  1  2 |
---------------+-------+-----
Dodging        | 3 |  3.2
Axes           | 3 |  3.5
Fighting       | |  2.2
Throwing       | |  1.8
Armour         | |  0.6
Stealth        | |  0.4

Action                   || total
-------------------------++-------
Melee: War axe           ||    93
 Stab: Sleeping          ||     1
Armor: Leather armour    ||    18
       Plate armour      ||    55
Dodge: Dodged            ||    66
